 Dungeon Crawl Stone Soup version 0.30-a0-341-g682706514a (webtiles) character file.

Game seed: 3110884198165377378

105 koil the Trooper (level 4, 0/46 (49) HPs)
             Began as an Ogre Cinder Acolyte on Nov 2, 2022.
             Was a High Priest of Ignis.
             Succumbed to a kobold brigand's poison
             ... on level 3 of the Dungeon.
             The game lasted 00:06:30 (2441 turns).

koil the Trooper (Ogre Cinder Acolyte)              Turns: 2441, Time: 00:06:31

HP:   0/46 (49)     AC:  6    Str: 18    XL:     4   Next: 81%
MP:   7/7           EV:  9    Int: 17    God:    Ignis [*****.]
Gold: 220           SH:  0    Dex:  4    Spells: 5/7 levels left

rFire   + . .      SeeInvis .    a - -1 hand axe (flame)
rCold   . . .      Faith    .    (no shield)
rNeg    . . .      Spirit   .    b - +0 robe
rPois   .          Reflect  .    l - +1 hat
rElec   .          Harm     .    h - +1 cloak
rCorr   .          Rampage  .    (gloves unavailable)
Will    .....                    (boots unavailable)
Stlth   +.........               (no amulet)
HPRegen 0.27/turn                (no ring)
MPRegen 0.10/turn                (no ring)

@: lethally poisoned (0 -> -18), flying, drained
A: large, unfitting armour, tough skin 1
a: Renounce Religion, Fiery Armour, Foxfire Swarm, Rising Flame


You were on level 3 of the Dungeon.
You worshipped Ignis.
Ignis was extremely pleased with you.
You visited 1 branch of the dungeon, and saw 3 of its levels.

You collected 220 gold pieces.

Inventory:

Hand Weapons
 a - a -1 hand axe of flaming (weapon)
 m - a +2 sling of draining
Armour
 b - a +0 robe (worn)
 e - a +0 hat
 h - a +1 cloak (worn)
 k - a +0 robe
 l - a +1 hat (worn)
Jewellery
 i - a ring of poison resistance
Scrolls
 c - 5 scrolls of identify {unknown}
 d - 2 scrolls of teleportation {unknown}
Potions
 f - 2 potions of flight
 g - 2 potions of curing {unknown}
 j - a potion of magic {unknown}


   Skills:
 + Level 4.8 Fighting
 + Level 3.4 Axes
 + Level 1.2 Dodging
 + Level 2.1 Spellcasting
 * Level 3.5 Fire Magic


You had 5 spell levels left.
You knew the following spells:

 Your Spells              Type           Power      Damage    Failure   Level
a - Scorch                Fire           26%        2d6       7%          2

Your spell library contained the following spells:

 Spells                   Type           Power      Damage    Failure   Level
 Necrotise                Necr           4%         1d4       19%         1
 Cigotuvi's Dreadful Rot  Necr/Pois/Air  2%         N/A       28%         2
 Inner Flame              Hex/Fire       7%         N/A       28%         3
 Vampiric Draining        Necr           1%         2d6       50%         3
 Cause Fear               Hex            0%         N/A       88%         4
 Dispel Undead            Necr           1%         3d6       88%         4
 Summon Lightning Spire   Summ/Air       1%         N/A       88%         4
 Agony                    Necr           1%         N/A       99%         5
 Summon Forest            Summ/Tloc      0%         N/A       99%         5
 Summon Mana Viper        Hex/Summ       1%         N/A       99%         5
 Death Channel            Necr           0%         N/A       100%        6
 Summon Cactus Giant      Summ           0%         N/A       100%        6
 Storm Form               Tmut/Air       0%         N/A       100%        7
 Discord                  Hex            0%         N/A       100%        8
 Maxwell's Capacitive Co  Air            0%         ∞         100%        8


Dungeon Overview and Level Annotations

Branches:
Dungeon (3/15)

Altars:

Shops:
D:1 :

Annotations:
D:3 Darkkill's ghost, weakling MiHu


Innate Abilities, Weirdness & Mutations

You are too large for most types of armour.
You have tough skin. (AC +1)


Message History

You kill the kobold!
You barely miss the kobold. The kobold closely misses you.
You hit the kobold but do no damage. The kobold hits you but does no damage.
You miss the kobold. The kobold hits you but does no damage.
You barely miss the kobold. The kobold hits you but does no damage.
You hit the kobold brigand. You burn the kobold brigand.
The kobold brigand is lightly wounded.
The kobold brigand hits you with a +1 whip of venom!
You are poisoned.
You miss the kobold brigand.
The kobold brigand is lightly wounded.
You feel very sick.
The kobold brigand hits you with a +1 whip of venom.
You hit the kobold brigand. You burn the kobold brigand.
The kobold brigand is lightly wounded.
You feel very sick.
The kobold brigand hits you with a +1 whip of venom.
You are more poisoned.
You hit the kobold brigand but do no damage.
The kobold brigand is lightly wounded.
You feel very sick.
The kobold brigand hits you with a +1 whip of venom.
You are more poisoned.
You hit the kobold brigand. You burn the kobold brigand.
The kobold brigand is moderately wounded.
You feel very sick.
Darkkill's ghost takes aim.
The kobold brigand hits you with a +1 whip of venom.
* * * LOW HITPOINT WARNING * * *
You closely miss the kobold brigand.
The kobold brigand is moderately wounded.
* * * LOW HITPOINT WARNING * * *
You feel very sick.
The kobold brigand hits you with a +1 whip of venom.
* * * LOW HITPOINT WARNING * * *
You are more poisoned.
It was a potion of flight.
You feel very buoyant.
You fly up into the air.
You die...

..........#
##.##.#####
#####.....#####...#
###....##.⌠.##..#
###.....##.#.#.#..#
....#...#$..#..'..#
#####...#(.....KK.#
#...#...#.KKW##
######.#.#K#K#
##.⌠.##@# #####..#
####


You could see a kobold brigand, Darkkill's ghost and 5 kobolds.

Vanquished Creatures
  Ijyb (D:1)
  An adder (D:3)
  A worm (D:3)
  An orc (D:3)
  10 ball pythons
  4 endoplasms
  A giant cockroach (D:2)
  6 goblins
  9 hobgoblins
  8 kobolds
  2 quokkas
  9 bats
  4 frilled lizards
  5 rats
62 creatures vanquished.

Notes
Turn   | Place    | Note
-------+----------+-------------------------------------------
     0 | D:1      | koil the Ogre Cinder Acolyte began the quest for the Orb.
     0 | D:1      | Reached XP level 1. HP: 24/24 MP: 2/2
    50 | D:1      | Reached XP level 2. HP: 22/32 MP: 4/4
    53 | D:1      | Learned a level 2 spell: Scorch
   397 | D:1      | Found Sopar's Book Shop.
   414 | D:1      | Found a faded altar of an unknown god.
   432 | D:1      | Reached XP level 3. HP: 28/40 MP: 5/5
  1751 | D:3      | Reached skill level 1 in Dodging
  1876 | D:3      | Reached XP level 4. HP: 40/42 MP: 6/6
  1977 | D:3      | Noticed Ijyb
  2053 | D:1      | Killed Ijyb
  2129 | D:3      | Found a runed translucent gate.
  2133 | D:3      | Found a runed translucent gate.
  2133 | D:3      | Found a runed translucent gate.
  2133 | D:3      | Noticed Darkkill's ghost (weakling MiHu)
  2133 | D:3      | Noticed a kobold brigand
  2441 | D:3      | Succumbed to a kobold brigand's poison

Illustrated notes

Levels and vault maps discovered:
D:1:      matt_arrival_los_fun, layout_rooms, ebering_ecumenical_altar_mist,
          serial_shops, nicolae_shop_crystal, minmay_small_reverse_x
D:2:      layout_loops_ring, nicolae_figureground_pulse
D:3:      layout_rooms, gammafunk_ghost_nasty_kobolds, uniq_ijyb

Skill      XL: |  1  2  3  4 |
---------------+-------------+-----
Fire Magic     | 3 |  3.5
Dodging        | 1 |  1.2
Spellcasting   | 2 |  2.1
Fighting       | |  4.8
Axes           | |  3.4

Action                   |  1- 3 |  4- 6 || total
-------------------------+-------+-------++-------
Melee: Hand axe          |   184 |    72 ||   256
       Punch             |     1 |       ||     1
Throw: Throwing net      |     1 |     1 ||     2
 Cast: Scorch            |     3 |     8 ||    11
  Use: Potion            |       |     1 ||     1
Armor: Robe              |    98 |    30 ||   128
Dodge: Dodged            |   107 |    25 ||   132

Table legend: (Time is in decaauts)
 A = Elapsed time spent in this place.
 B = Non-inter-level travel time spent in this place.
 C = Inter-level travel time spent in this place.
 D = Time resting spent in this place.
 E = Time spent auto-exploring this place.
 F = Levels seen in this place.
 G = Mean time per level.
                   A        B        C        D        E       F      G
               +--------+--------+--------+--------+--------+-----+--------+
         Total |   2479 |   2416 |     63 |    130 |   1700 |   3 |  826.3 |
       Dungeon |   2479 |   2416 |     63 |    130 |   1700 |   3 |  826.3 |
               +--------+--------+--------+--------+--------+-----+--------+

Top non-repeatable levels by time:
     D:1: 973 daAuts
     D:2: 832 daAuts
     D:3: 674 daAuts
